 Dungeon Crawl Stone Soup version 0.31-a0-430-gf8416d752b (webtiles) character file.

Game seed: 8131954617323772622

116 AIAndy the Magician (level 5, 0/35 HPs)
             Began as a Djinni Fire Elementalist on July 31, 2023.
             Slain by a goblin
             ... wielding a +0 club
             ... led by Robin
              (3 damage)
             ... on level 3 of the Dungeon.
             The game lasted 00:04:55 (2263 turns).

AIAndy the Magician (Djinni Fire Elementalist)      Turns: 2263, Time: 00:04:56

Health: 0/35       AC:  2    Str:  7    XL:     5   Next: 20%
Gold:   180        EV: 12    Int: 19    God:
                   SH:  0    Dex: 13

rFire   + + +        (no weapon)
rCold   . . .        (no shield)
rNeg    . . .        a - +0 robe
rPois   ∞            (no helmet)
rElec   +            (no cloak)
rCorr   +            (no gloves)
SInv    .            (boots unavailable)
Will    .....        (no amulet)
Stlth   ++           (no ring)
HPRegen 0.25/turn    (no ring)
MPRegen 0.00/turn

%: infuse magic (-1 HP)
@: resistant, flying, very slightly contaminated
A: sickness immunity, fire resistance 2, cold vulnerability 1, float, innate
caster, HP casting, extra vitality 1
a: no special abilities


You were on level 3 of the Dungeon.
You visited 1 branch of the dungeon, and saw 3 of its levels.

You collected 180 gold pieces.


Innate Abilities, Weirdness & Mutations

You are immune to sickness and miasma.
You are immune to poison.
Your flesh is very heat resistant. (rF++)
You are vulnerable to cold. (rC-)
You float through the air rather than walking.
You learn spells naturally, not from books.
Your magical power is your life essence.
You have superior vitality. (+4 MHP)


   Skills:
 - Level 2.1 Dodging
 - Level 1.5 Stealth
 + Level 4.5 Spellcasting
 + Level 4.5 Conjurations
 + Level 4.5 Hexes
 + Level 4.5 Summonings
 + Level 4.5 Necromancy
 + Level 4.5 Translocations
 + Level 4.5 Transmutations
 + Level 4.5 Fire Magic
 + Level 4.5 Ice Magic
 + Level 4.5 Air Magic
 + Level 4.5 Earth Magic
 + Level 4.5 Poison Magic


You knew the following spells:

 Your Spells              Type           Power      Damage    Failure   Level
a - Flame Wave            Conj/Fire      21%        2d8       21%         4
f - Inner Flame           Hex/Fire       21%        N/A       6%          3
x - Ensorcelled Hibernat  Hex/Ice        42%        N/A       3%          2
z - Freeze                Ice            84%        1d9       1%          1
X - Foxfire               Conj/Fire      84%        2x1d8     1%          1
Y - Scorch                Fire           42%        2d6       3%          2
Z - Volatile Blastmotes   Fire/Tloc      42%        2d13      6%          3
Your spell library was empty.

Inventory:

Armour
 a - a +0 robe (worn)
Scrolls
 c - 2 scrolls of fog {unknown}
 e - a scroll of blinking {unknown}
 g - 3 scrolls of identify {@r1}
 j - 2 scrolls of noise {unknown}
 k - 2 scrolls of amnesia {unknown}
 l - a scroll of brand weapon {unknown}
 m - 3 scrolls of enchant weapon {unknown}
 n - 2 scrolls of immolation {unknown}
 r - a scroll of fear {unknown}
Potions
 b - 2 potions of attraction {unknown}
 d - a potion of lignification {unknown}
 f - a potion of berserk rage {unknown}
 h - 3 potions of curing {@q1}
 i - a potion of haste {unknown}
 o - a potion of invisibility {unknown}
 p - a potion of magic {unknown}
 q - a potion of enlightenment {unknown}
 s - a potion of resistance

Dungeon Overview and Level Annotations

Branches:
Dungeon (3/15)

Altars:

Shops:
D:2 (

Portals:
Abyss: D:3

Annotations:
D:3 2 transporters, Robin; hitsuchi's ghost, amateur NaVM ##### #g#g##### #@ggggoo.

#g#g.go..
#.# #####
## #.# #.
#.# #.
#.# #.
#.# #.
#.# #.
#.# #.


You could see Robin, 3 orcs and 8 goblins.


Message History

An orc comes into view. It is wielding a +0 lajatang.
A goblin comes into view. It is wielding a +0 dagger.
The goblin barely misses you.
Casting: Scorch (safe; 3% risk of failure)
Confirm with . or Enter, or press ? or * to list all spells.
Flames lash the goblin.
You kill the goblin!
You hear a shout!
The goblin hits you with a +0 club.
An orc comes into view. It is wielding a +0 dagger.
Robin throws the goblin at you! The goblin hits you with a +0 dagger.
The goblin hits you with a +0 club.
* * * LOW HITPOINT WARNING * * *
An orc comes into view. It is wielding a +0 war axe.
The goblin hits you with a +0 club.
* * * LOW HITPOINT WARNING * * *
As you read the scroll labelled PUAPHI XIUBO, it crumbles to dust.
It is a scroll of identify.
h - 3 potions of curing The goblin hits you with a +0 dagger.
* * * LOW HITPOINT WARNING * * *
The goblin hits you with a +0 club.
* * * LOW HITPOINT WARNING * * *
The goblin hits you with a +0 club.
* * * LOW HITPOINT WARNING * * *
It was a potion of resistance.
You feel protected. The goblin barely misses you.
The goblin closely misses you. The goblin hits you with a +0 club.
You die...

Skill      XL: |  1  2  3  4 |
---------------+-------------+-----
Spellcasting   | 4 |  4.5
Conjurations   | 4 |  4.5
Hexes          | 4 |  4.5
Summonings     | 4 |  4.5
Necromancy     | 4 |  4.5
Translocations | 4 |  4.5
Transmutations | 4 |  4.5
Fire Magic     | 4 |  4.5
Ice Magic      | 4 |  4.5
Air Magic      | 4 |  4.5
Earth Magic    | 4 |  4.5
Poison Magic   | 4 |  4.5
Dodging        | |  2.1
Stealth        | |  1.5

Action                     |  1- 3 |  4- 6 || total
---------------------------+-------+-------++-------
   Cast: Foxfire           |    48 |    25 ||    73
         Scorch            |    14 |    23 ||    37
    Use: Scroll            |       |     1 ||     1
         Potion            |       |     1 ||     1
 Armour: Robe              |       |     2 ||     2
  Dodge: Dodged            |     1 |    18 ||    19

Levels and vault maps discovered:
D:1:      amcnicky_arrival_flooded_fountain, layout_basic, minmay_tetromino_s2
D:2:      layout_loops_ring, serial_shops, nicolae_shop_just_a_little_nook,
          serial_park_tiny_2, minmay_randomly_rotated_circles
D:3:      layout_basic, gammafunk_ghost_abyssal_escape,
          hellmonk_ecumenical_altar_slurped_away, uniq_robin, uniq_jessica

Notes
Turn   | Place    | Note
-------+----------+-------------------------------------------
     0 | D:1      | Reached skill level 3 in Spellcasting
     0 | D:1      | Reached skill level 3 in Conjurations
     0 | D:1      | Reached skill level 3 in Hexes
     0 | D:1      | Reached skill level 3 in Summonings
     0 | D:1      | Reached skill level 3 in Necromancy
     0 | D:1      | Reached skill level 3 in Translocations
     0 | D:1      | Reached skill level 3 in Transmutations
     0 | D:1      | Reached skill level 3 in Fire Magic
     0 | D:1      | Reached skill level 3 in Ice Magic
     0 | D:1      | Reached skill level 3 in Air Magic
     0 | D:1      | Reached skill level 3 in Earth Magic
     0 | D:1      | Reached skill level 3 in Poison Magic
     0 | D:1      | AIAndy the Djinni Fire Elementalist began the quest for the
                  | Orb.
     0 | D:1      | AIAndy set off with the following spells memorised:
                  | Foxfire, Scorch, Volatile Blastmotes, Inner Flame, Flame
                  | Wave.
     0 | D:1      | Reached XP level 1. HP: 15/15 MP: 0/0
    56 | D:1      | Reached XP level 2. HP: 15/21 MP: 0/0
   289 | D:1      | Reached XP level 3. HP: 23/25 MP: 0/0
   289 | D:1      | Learned a level 1 spell: Freeze
   987 | D:2      | Reached XP level 4. HP: 25/31 MP: 0/0
  1043 | D:2      | Reached skill level 4 in Spellcasting
  1043 | D:2      | Reached skill level 4 in Conjurations
  1043 | D:2      | Reached skill level 4 in Hexes
  1043 | D:2      | Reached skill level 4 in Summonings
  1043 | D:2      | Reached skill level 4 in Necromancy
  1043 | D:2      | Reached skill level 4 in Translocations
  1043 | D:2      | Reached skill level 4 in Transmutations
  1043 | D:2      | Reached skill level 4 in Fire Magic
  1043 | D:2      | Reached skill level 4 in Ice Magic
  1043 | D:2      | Reached skill level 4 in Air Magic
  1043 | D:2      | Reached skill level 4 in Earth Magic
  1043 | D:2      | Reached skill level 4 in Poison Magic
  1670 | D:2      | Found Casosua's Antique Weapon Emporium.
  1724 | D:2      | Reached XP level 5. HP: 32/35 MP: 0/0
  1724 | D:2      | Learned a level 2 spell: Ensorcelled Hibernation
  2070 | D:3      | Found a faded altar of an unknown god.
  2095 | D:3      | Found a transporter.
  2095 | D:3      | Noticed hitsuchi's ghost (amateur NaVM)
  2096 | D:3      | Noticed an ancient zyme
  2099 | D:3      | Found a one-way gate to the infinite horrors of the Abyss.
  2102 | D:3      | Found a transporter.
  2138 | D:3      | Noticed a small abomination
  2255 | D:3      | Noticed Robin
  2262 | D:3      | HP: 3/35 [goblin/+0 club[Robin] (6)]
  2263 | D:3      | Identified 2 potions of resistance
  2263 | D:3      | Slain by a goblin

Vanquished Creatures
  5 adders
  3 dart slugs
  4 ball pythons
  6 bats
  6 endoplasms
  5 giant cockroaches
  6 goblins
  3 hobgoblins
  2 jackals (D:2)
  4 quokkas
  3 frilled lizards
  8 kobolds
  6 rats
61 creatures vanquished.

Vanquished Creatures (others)
  113 foxfires
113 creatures vanquished.

Grand Total: 174 creatures vanquished

Table legend: (Time is in decaauts)
 A = Elapsed time spent in this place.
 B = Non-inter-level travel time spent in this place.
 C = Inter-level travel time spent in this place.
 D = Time resting spent in this place.
 E = Time spent auto-exploring this place.
 F = Levels seen in this place.
 G = Mean time per level.
                   A        B        C        D        E       F      G
               +--------+--------+--------+--------+--------+-----+--------+
         Total |   2262 |   2171 |     91 |      0 |   1812 |   3 |  754.0 |
       Dungeon |   2262 |   2171 |     91 |      0 |   1812 |   3 |  754.0 |
               +--------+--------+--------+--------+--------+-----+--------+

Top non-repeatable levels by time:
     D:2: 1068 daAuts
     D:1: 828 daAuts
     D:3: 365 daAuts

Table legend:
 A = Non-vault XP
 B = Vault XP
 C = Vault XP percentage of total XP
 D = Non-vault monster count
 E = Vault monster count
 F = Vault count percentage of total count
                 A         B        C        D         E       F
            +---------+---------+-------+---------+---------+-------
      Total |     146 |      20 |  12.0 |      50 |      11 |  18.0
            +---------+---------+-------+---------+---------+-------
        D:1 |      41 |       5 |  10.9 |      23 |       2 |   8.0
        D:2 |      86 |       9 |   9.5 |      22 |       6 |  21.4
        D:3 |      19 |       6 |  24.0 |       5 |       3 |  37.5
            +---------+---------+-------+---------+---------+-------
